AoeStats
← gabrielaA23

Black Forest

506581503Analyzed
2v2 RM · 19d ago on Sep 14, 2026· 64m 41s· 4 players
Game mode
Random Map
Map size
Medium (4 player)
Population
200
Speed
Normal
Resources
Standard
Victory
Conquest
Starting age
Dark Age
Ending age
Imperial Age
RankedLock teamsTeams togetherTeam positionsShared explorationLock speedFull tech treeHidden civsTurbo modeCheats
Victory
Defeat
🇦🇷 Chinese · Argentina
730
+36
🇦🇷 Koreans · Argentina
591
+27
🇺🇸 Khmer · United States
722
-19
🇹🇷 Dravidians · Türkiye
692
-18
INTER6636
0:31 Loom
16:55 Feudal Age
27:20 Castle Age
30:55 Horse Collar
31:47 Double-Bit Axe
34:07 Wheelbarrow
34:18 Heavy Plow
39:36 Imperial Age
38:10 Hand Cart
39:05 Bow Saw
40:35 Arson
51:20 Chemistry
Mirza1171
0:31 Loom
13:53 Feudal Age
15:10 Wheelbarrow
14:21 Town Watch
14:23 Horse Collar
14:34 Double-Bit Axe
15:12 Gold Mining
15:17 Stone Mining
23:14 Forging
23:05 Scale Mail Armor
23:31 Scale Barding Armor
23:30 Fletching
27:57 Castle Age
26:05 Arson
25:41 Man-at-Arms
27:02 Padded Archer Armor
28:58 Hand Cart
29:34 Town Patrol
30:08 Bow Saw
30:01 Gambesons
29:37 Long Swordsman
30:27 Heavy Plow
33:14 Iron Casting
33:09 Chain Mail Armor
34:04 Squires
33:25 Pikeman
42:08 Imperial Age
39:53 Medical Corps
40:13 Murder Holes
40:28 Fortified Wall
40:09 Heated Shot
40:30 Masonry
40:41 Ballistics
40:12 Guard Tower
40:59 Chain Barding Armor
40:35 Bodkin Arrow
40:56 Leather Archer Armor
43:56 Chemistry
42:42 Arrowslits
44:06 Two-Man Saw
43:34 Conscription
46:25 Caravan
46:32 Siege Elephant
48:56 Husbandry
50:15 Onager
51:46 Halberdier
59:15 Elite Urumi Swordsman
61:45 Two-Handed Swordsman
chemadc5965
19:01 Feudal Age
22:28 Wheelbarrow
21:42 Double-Bit Axe
31:33 Castle Age
30:46 Man-at-Arms
36:27 Hand Cart
42:29 Imperial Age
48:21 Chemistry
48:23 Elite Chu Ko Nu
48:45 Light Cavalry
57:05 Cavalier
57:49 Husbandry
57:59 Bloodlines
gabrielaA23
13:21 Feudal Age
15:49 Double-Bit Axe
16:28 Horse Collar
24:20 Castle Age
22:50 Fletching
23:01 Scale Mail Armor
23:12 Forging
23:08 Scale Barding Armor
27:05 Stone Mining
27:07 Gold Mining
29:43 Bow Saw
30:15 Masonry
33:49 Imperial Age
35:01 Wheelbarrow
36:21 Chemistry
35:02 Treadmill Crane
39:06 Pikeman
39:47 Squires
Connection lost

Rejoining the realm…

Still unreachable

The connection could not be restored.

Session expired

The server has moved on; the page needs a fresh start.